 Dungeon Crawl Stone Soup version 0.22.1-1-ga44c0e5 (webtiles) character file.

454 brandon the Conjurer (level 6, -4/32 HPs)
             Began as a Deep Elf Fire Elementalist on Oct 5, 2018.
             Killed from afar by an orc wizard (5 damage)
             ... with a magic dart
             ... on level 4 of the Dungeon.
             The game lasted 00:11:23 (4911 turns).

brandon the Conjurer (Deep Elf Fire Elementalist)   Turns: 4911, Time: 00:11:24

Health: -4/32      AC:  2    Str:  5    XL:     6   Next: 76%
Magic:  16/16      EV: 13    Int: 22    God:
Gold:   133        SH:  0    Dex: 15    Spells: 0/15 levels left

rFire    . . .     SeeInvis .   n - +0 trident (pierce)
rCold    + . .     Gourm    .   (no shield)
rNeg     . . .     Faith    .   a - +0 robe
rPois    .         Spirit   .   (no helmet)
rElec    .         Reflect  .   (no cloak)
rCorr    .         Harm     .   (no gloves)
MR       .....                  (no boots)
Stlth    +.........             (no amulet)
HPRegen  0.10/turn              p - ring of protection from cold
MPRegen  0.15/turn              (no ring)

@: confused
A: no striking features
a: no special abilities


You were on level 4 of the Dungeon.
You were not hungry.

You visited 1 branch of the dungeon, and saw 4 of its levels.

You collected 133 gold pieces.

Inventory:

Hand Weapons
 n - a +0 trident of piercing (weapon)
Armour
 a - a +0 robe (worn)
Jewellery
 p - a ring of protection from cold (left hand)
Scrolls
 d - 3 scrolls of remove curse
 o - 2 scrolls of amnesia
 q - a scroll of enchant weapon {unknown}
 r - a scroll of noise {unknown}
Potions
 f - 2 potions of curing
 h - 2 potions of heal wounds {unknown}
 i - a potion of mutation {unknown}
 m - a potion of flight {unknown}
Comestibles
 c - 10 rations


   Skills:
 - Level 2.4 Dodging
 - Level 2.4 Stealth
 + Level 5.4 Spellcasting
 * Level 5.5 Conjurations
 + Level 5.0 Fire Magic


You couldn't memorise any spells.
You knew the following spells:

 Your Spells              Type           Power        Failure   Level  Hunger
a - Flame Tongue          Conj/Fire      ####.        1%          1    None
b - Throw Flame           Conj/Fire      ####..       1%          2    None
c - Conjure Flame         Conj/Fire      ####....     3%          3    ##.....
d - Sticky Flame          Conj/Fire      ####....     11%         4    ####...
e - Fireball              Conj/Fire      ####......   30%         5    #####..

Your spell library contained the following spells:

 Spells                   Type           Power        Failure   Level  Hunger
 Magic Dart               Conj           ####         1%          1    None
 Inner Flame              Hex/Fire       ###.....     11%         3    ##.....
 Blink                    Tloc           N/A          14%         2    None
 Call Imp                 Summ           #.......     14%         2    None
 Slow                     Hex            #.......     14%         2    None
 Mephitic Cloud           Conj/Pois/Air  ##......     14%         3    ##.....


Dungeon Overview and Level Annotations

Branches:
Dungeon (4/15)
 Temple: D:4-7

Altars:
Wu Jian

Shops:
D:4 [


Message History

You barely miss the orc priest. The orc hits you.
* * * LOW HITPOINT WARNING * * *
The orc hits you but does no damage. The orc priest hits you with a whip.
* * * LOW HITPOINT WARNING * * *
The orc wizard hits you with a dagger.
* * * LOW HITPOINT WARNING * * *
The orc hits you.
* * * LOW HITPOINT WARNING * * *
The orc closely misses you.
You bump into the metal wall.
The orc priest barely misses you. The orc wizard hits you with a dagger.
* * * LOW HITPOINT WARNING * * *
The orc misses you.
Unknown command.
You're too confused to move!
The orc closely misses you. The orc priest hits you with a whip.
* * * LOW HITPOINT WARNING * * *
The orc wizard gestures at you while chanting.
The magic dart hits you!
You die...

#..........#
#..........# #.#
####..........# #.#
#.............# #.#
#............. #.#
#........... #.#
#.>...######## #.#
#.@o.....!..# #.#.#
. .##oo........#
#<#..
....#o.........#
#.#..
_.?............#
#.#.#
....#..........#
#.#.#
....##..........#
#.#.###
...##...........####
##'#...#
#.###...........'..#
#......##..
#............####


You could see an orc priest (inner flame), an orc wizard (inner flame) and 2
orcs.

Vanquished Creatures
  A scorpion (D:3)
  A bullfrog skeleton (D:3)
  3 orc priests
  A jelly (D:3)
  2 orc wizards (D:3)
  2 worker ants (D:4)
  2 adders (D:3)
  3 gnolls (D:3)
  An ooze (D:3)
  An adder skeleton (D:4)
  4 worms
  5 dart slugs
  12 orcs
  A ball python (D:1)
  3 giant cockroaches
  9 goblins
  9 hobgoblins
  2 jackals (D:3)
  7 kobolds
  A quokka (D:2)
  7 bats
  A frilled lizard (D:1)
  A quokka skeleton (D:4)
  6 rats
85 creatures vanquished.

Notes
Turn   | Place    | Note
-------+----------+-------------------------------------------
     0 | D:1      | brandon the Deep Elf Fire Elementalist began the quest for
                  | the Orb.
     0 | D:1      | Reached XP level 1. HP: 10/10 MP: 6/6
   224 | D:1      | Reached XP level 2. HP: 15/15 MP: 5/8
   251 | D:1      | Learned a level 2 spell: Throw Flame
  1186 | D:2      | Reached XP level 3. HP: 19/19 MP: 7/10
  2385 | D:3      | Noticed a scorpion
  2390 | D:3      | Reached XP level 4. HP: 24/24 MP: 0/11
  2560 | D:3      | Learned a level 3 spell: Conjure Flame
  2565 | D:3      | Learned a level 4 spell: Sticky Flame
  2786 | D:3      | Reached XP level 5. HP: 28/28 MP: 3/13
  3771 | D:3      | Reached XP level 6. HP: 32/32 MP: 4/15
  3901 | D:3      | Reached skill level 5 in Spellcasting
  4035 | D:3      | Reached skill level 5 in Conjurations
  4382 | D:4      | Found Taceugh's Antique Armour Boutique.
  4496 | D:3      | Learned a level 5 spell: Fireball
  4753 | D:4      | Reached skill level 5 in Fire Magic
  4901 | D:4      | Found an ornate altar of the Wu Jian Council.
  4911 | D:4      | HP: 1/32 [orc priest/whip (5)]
  4911 | D:4      | Killed from afar by an orc wizard

Skill      XL: |  1  2  3  4  5  6 |
---------------+-------------------+-----
Conjurations   | 2 3 4 5 |  5.5
Spellcasting   | 4 5 |  5.4
Fire Magic     | 4 5 |  5.0
Dodging        | |  2.4
Stealth        | |  2.4

Action                   |  1- 3 |  4- 6 || total
-------------------------+-------+-------++-------
Melee: Club              |     2 |       ||     2
       Trident           |       |     2 ||     2
 Fire: Hunting sling     |     3 |       ||     3
 Cast: Flame Tongue      |    27 |    45 ||    72
       Throw Flame       |    54 |    57 ||   111
       Sticky Flame      |       |     7 ||     7
       Conjure Flame     |       |     1 ||     1
  Use: Scroll            |       |     6 ||     6
  Eat: Chunk             |     4 |     7 ||    11
       Ration            |       |     1 ||     1
Armor: Robe              |     4 |     1 ||     5
Dodge: Dodged            |     8 |    14 ||    22
